 Dungeon Crawl Stone Soup version 0.26.1-2-gb8aa6d0cf2 (webtiles) character file.

Game seed: 7426360985625244719

2799 Gadfly the Cudgeller (level 9, -2/88 HPs)
             Began as a Troll Berserker on Mar 2, 2021.
             Was an Elder of Trog.
             Hit by a boomerang thrown by an orc warrior (8 damage)
             ... on level 7 of the Dungeon.
             The game lasted 00:11:33 (6447 turns).

Gadfly the Cudgeller (Troll Berserker)              Turns: 6447, Time: 00:11:34

Health: -2/88      AC: 11    Str: 29    XL:     9   Next: 43%
Magic:  8/8        EV: 11    Int:  3    God:    Trog [****..]
Gold:   473        SH:  0    Dex: 10    Spells: 8/8 levels left

rFire    . . .     SeeInvis .   b - +0 dagger (venom)
rCold    . . .     Faith    .   (no shield)
rNeg     . . .     Spirit   .   i - +1 animal skin
rPois    .         Reflect  .   (helmet restricted)
rElec    .         Harm     .   (no cloak)
rCorr    .         Rampage  .   (gloves unavailable)
Will     .....                  (boots unavailable)
Stlth    +.........             (no amulet)
HPRegen  0.64/turn              j - +4 ring of protection
MPRegen  0.11/turn              (no ring)

@: no status effects
A: large, unfitting armour, claws 3, regeneration 1, shaggy fur 1, tough skin 3
a: Renounce Religion, Berserk, Trog's Hand, Brothers in Arms


You were on level 7 of the Dungeon.
You worshipped Trog.
Trog was greatly pleased with you.
You visited 2 branches of the dungeon, and saw 8 of its levels.

You collected 473 gold pieces.

Inventory:

Hand Weapons
 a - a +0 morningstar
 b - a +0 dagger of venom (weapon)
 n - the +8 quarterstaff of Premature Burial {vorpal, *Slow rPois Will+}
   (You found it on level 6 of the Dungeon)

   It inflicts extra damage upon your enemies.
   It protects you from poison.
   It affects your willpower, your defense against some magical effects.
   It may slow you when you take damage.
 p - a +2 short sword of holy wrath
Armour
 i - a +1 animal skin (worn)
Jewellery
 j - a +4 ring of protection (left claw)
Wands
 f - a wand of flame (41) (quivered)
 m - a wand of digging (5)
Scrolls
 c - a scroll of enchant armour
 d - 3 scrolls of enchant weapon
 e - 3 scrolls of identify
 h - 3 scrolls of teleportation
 l - a scroll of fog
 q - a scroll of remove curse
 r - a scroll of vulnerability {unknown}
Potions
 g - a potion of heal wounds
 k - 2 potions of curing
 o - 2 potions of flight


   Skills:
 + Level 5.0 Fighting
 * Level 6.1 Maces & Flails
 * Level 5.3 Armour
 - Level 3.7 Dodging
 + Level 5.2 Evocations


You had 8 spell levels left.
You didn't know any spells.
Your spell library was empty.

Dungeon Overview and Level Annotations

Branches:
Dungeon (7/15)             Temple (1/1) D:7

Altars:
Ashenzari
Cheibriados
Dithmenos
Elyvilon
Fedhas
Gozag
Hepliaklqana
Kikubaaqudgha
Makhleb
Nemelex Xobeh
Okawaru
Qazlal
Ru
Uskayaw
Vehumet
Wu Jian
Xom
Yredelemnul
Zin
The Shining One

Shops:
D:6 :=


Innate Abilities, Weirdness & Mutations

You are too large for most types of armour.
You have claws for hands.
Your natural rate of healing is unusually fast.
You are covered in fur. (AC +1)
You have extremely tough skin. (AC +3)


Message History

The orc warrior hits you but does no damage.
You hit the orc warrior but do no damage.
You hit the orc warrior.
The orc warrior looks even sicker.
The orc warrior is lightly wounded.
The orc warrior barely misses you.
You closely miss the orc warrior.
The orc warrior is lightly wounded.
The orc warrior hits you with a +0 battleaxe of electrocution!!
You are electrocuted!
You are too injured to fight recklessly!
You are too injured to fight recklessly!
You are too injured to fight recklessly!
You hit the orc warrior but do no damage.
The orc warrior is lightly wounded.
The orc warrior hits you with a +0 battleaxe of electrocution!
* * * LOW HITPOINT WARNING * * *
You are electrocuted!!
* * * LOW HITPOINT WARNING * * *
The orc warrior throws a boomerang.
The boomerang hits you!
You die...

#.....# #.#... #.....#
#.#### ### #....## #.#
..# #.#.#####.# # #)#
#.........# #.###.#
###.####### #.#.#.#
#.#.##
.##.....#########!...####
.......ooo.@............+
.###....#########....####
...........># #..(##
###.###.###.# ###.# #
#.o.# #.# #.### #.# #o
#.# ### . #.# ##.## ##
#.# #....


You could see an orc warrior (very poisoned), an orc wizard (fast) and an orc.

Vanquished Creatures
  Sigmund (D:5)
  Eustachio (D:5)
  4 wargs (D:7)
  A water moccasin (D:4)
  Purgy (D:4)
  2 ice beasts
  A necrophage (D:7)
  2 orc warriors (D:7)
  A phantom (D:4)
  2 centaurs
  2 bullfrogs
  A howler monkey (D:4)
  A jelly (D:6)
  A bullfrog zombie (D:6)
  3 orc wizards
  5 orc priests
  2 hounds
  A bullfrog skeleton (D:4)
  Jessica (D:3)
  4 iguanas
  Terence (D:3)
  Natasha (thrice) (D:3)
  4 worker ants
  A hound skeleton (D:7)
  A worker ant zombie (D:7)
  8 adders
  A gnoll (D:3)
  A shadow imp (D:5)
  2 white imps
  An ufetubus (D:7)
  An ooze (D:1)
  3 worms
  2 dart slugs
  3 leopard geckos
  27 orcs
  11 bats
  5 giant cockroaches
  10 hobgoblins
  6 quokkas
  A ball python (D:4)
  2 frilled lizards
  5 goblins
  13 kobolds
  7 rats
156 creatures vanquished.

Vanquished Creatures (others)
  A fungus (D:4)
  9 plants
10 creatures vanquished.

Grand Total: 166 creatures vanquished

Notes
Turn   | Place    | Note
-------+----------+-------------------------------------------
     0 | D:1      | Gadfly the Troll Berserker began the quest for the Orb.
     0 | D:1      | Reached XP level 1. HP: 22/22 MP: 0/0
    41 | D:1      | Reached XP level 2. HP: 22/29 MP: 1/1
   488 | D:1      | Reached ** piety under Trog
   632 | D:2      | Reached skill level 1 in Evocations
   679 | D:2      | Reached XP level 3. HP: 36/36 MP: 2/2
   837 | D:2      | Reached skill level 3 in Maces & Flails
   856 | D:2      | Found a faded altar of an unknown god.
  1334 | D:3      | Noticed Natasha
  1344 | D:3      | Killed Natasha
  1345 | D:3      | Reached XP level 4. HP: 25/44 MP: 3/3
  1403 | D:3      | Found a shadowy altar of Dithmenos.
  1409 | D:3      | Noticed Natasha
  1418 | D:3      | Killed Natasha
  1418 | D:3      | Noticed Natasha
  1425 | D:3      | HP: 2/44 [Natasha/magic dart (4)]
  1426 | D:3      | Killed Natasha
  1427 | D:3      | Reached XP level 5. HP: 5/52 MP: 4/4
  1523 | D:3      | Noticed Jessica
  1525 | D:3      | Noticed Terence
  1527 | D:3      | Killed Jessica
  1541 | D:3      | Killed Terence
  1754 | D:3      | Reached *** piety under Trog
  2084 | D:3      | Found an iron altar of Okawaru.
  2179 | D:4      | Reached XP level 6. HP: 59/61 MP: 5/5
  2228 | D:4      | Noticed Purgy
  2242 | D:4      | Killed Purgy
  2245 | D:4      | Reached skill level 1 in Armour
  2488 | D:4      | Reached XP level 7. HP: 56/67 MP: 6/6
  2592 | D:4      | Reached skill level 4 in Maces & Flails
  2633 | D:4      | Found an opulent altar of Gozag.
  2741 | D:4      | Found a hazy altar of Hepliaklqana.
  2815 | D:4      | Found a glowing silver altar of Zin.
  2854 | D:4      | Reached **** piety under Trog
  3067 | D:4      | Found a sacrificial altar of Ru.
  3180 | D:5      | Entered Level 5 of the Dungeon
  3631 | D:5      | Reached XP level 8. HP: 78/78 MP: 7/7
  3692 | D:5      | Noticed Eustachio
  3706 | D:5      | Killed Eustachio
  3912 | D:5      | Noticed Sigmund
  3926 | D:5      | Killed Sigmund
  4199 | D:6      | Found a glowing golden altar of the Shining One.
  4604 | D:6      | Found Vistroheb's Book Shoppe.
  4628 | D:6      | Found Obeeteil's Jewellery Shoppe.
  4630 | D:6      | Got a faintly glowing quarterstaff
  4636 | D:6      | Identified the +8 quarterstaff of Premature Burial {vorpal,
                  | *Slow rPois Will+} (You found it on level 6 of the Dungeon)
  4911 | D:6      | Found a white marble altar of Elyvilon.
  5159 | D:7      | Reached skill level 5 in Maces & Flails
  5290 | D:7      | Reached XP level 9. HP: 52/85 MP: 8/8
  5298 | D:7      | Reached skill level 5 in Evocations
  5560 | D:7      | Reached skill level 5 in Armour
  5995 | D:7      | HP: 4/87 [warg (7)]
  6032 | D:7      | Reached skill level 6 in Maces & Flails
  6170 | D:7      | Found a staircase to the Ecumenical Temple.
  6179 | Temple   | Entered the Ecumenical Temple
  6295 | D:7      | Reached skill level 5 in Fighting
  6447 | D:7      | Hit by a boomerang thrown by an orc warrior

Illustrated notes

Levels and vault maps discovered:
D:1:      ebering_trefoil_3fold, layout_basic
D:2:      layout_loops_ring, chequers_ecumenical_altar_twisty
D:3:      layout_basic, okawaru_altar_gauntlet_db, grunt_dithmenos_smoke,
          palyth_stone_intersect, uniq_terence, uniq_natasha, uniq_jessica
D:4:      layout_rooms, nicolae_ru_the_path_less_chosen, general_overflow_altar,
          nzn_hepliaklqana_mist_gate, grunt_gozag_breadcrumbs, uniq_purgy
D:5:      layout_basic, minmay_holes, uniq_eustachio, uniq_sigmund
D:6:      layout_loops_ring, old_standard_altar, lemuel_coloured_pillars_altar,
          serial_shops, shop, nicolae_shop_behind_doors
D:7:      lemuel_castle_with_subvaults [lemuel_castle_interior_carwin_3],
          layout_loops_corners, lemuel_temple_firewalk_b
Temple:   cyrus_circular_temple

Skill      XL: |  1  2  3  4  5  6  7  8  9 |
---------------+----------------------------+-----
Evocations     | 1 2 3 4 5 |  5.2
Maces & Flails | 3 4 5 6 |  6.1
Dodging        | 3 |  3.7
Fighting       | 3 4 5 |  5.0
Armour         | 1 3 4 5 |  5.3

Action                   |  1- 3 |  4- 6 |  7- 9 || total
-------------------------+-------+-------+-------++-------
Melee: Mace              |   120 |   166 |    40 ||   326
       Morningstar       |       |    23 |    44 ||    67
       Dagger            |       |       |   329 ||   329
       Quarterstaff      |       |       |    37 ||    37
Throw: Large rock        |       |     5 |       ||     5
Invok: Berserk           |       |     3 |     3 ||     6
Evoke: Wand              |       |     1 |       ||     1
  Use: Scroll            |     6 |     3 |    13 ||    22
       Potion            |       |       |     1 ||     1
Armor: Animal skin       |    71 |   127 |   197 ||   395
Dodge: Dodged            |    94 |   157 |   277 ||   528
